Map: Ephemeron LE

Players

Dark - Winner!

  • Race: Zerg Zerg
  • Spawn Location: 5:00

soO

  • Race: Zerg Zerg
  • Spawn Location: 11:00

Event: 2019 WCS Global FInals

VOD

Have the link to the VOD?

Description

Time

  • Played on: Oct. 24, 2019, 2:59 a.m.
  • Length: 10:17

All games in this series

Show
View Real Time Build Order
Export as new Build Order

Dark Zerg - Winner!

Build Orders: Hatch First, Zergling Baneling 

Get SALT Encoding   

  12  0:00  Drone  
  13  0:12  Overlord  
  13  0:17  Drone  
  14  0:30  Drone x2  
  16  0:48  Hatchery  
  15  0:51  Drone  
  15  0:54  Drone  
  17  0:58  Drone  
  18  1:05  Extractor  
  17  1:14  Spawning Pool  
  17  1:17  Drone  
  17  1:20  Drone  
  18  1:28  Drone  
  20  1:40  Drone  
  20  1:49  Drone  
  21  2:00  Overlord  
  21  2:01  Queen x2  
  21  2:02  Zergling x2  
  26  2:09  Metabolic Boost  
  26  2:10  Drone  
  26  2:13  Drone  
  28  2:21  Drone  
  28  2:22  Drone  
  30  2:36  Drone x2  
  32  2:40  Hatchery  
  31  2:48  Drone  
  31  2:51  Baneling Nest  
  31  2:52  Overlord  
  31  2:55  Zergling x2  
  31  2:57  Drone  
  33  3:11  Zergling x10  
  33  3:12  Zergling x2  
  39  3:16  Zergling x4  
  41  3:24  Overlord  
  41  3:36  Zergling x6  
  41  3:41  Baneling x2  
  44  3:45  Baneling x2  
  44  3:48  Zergling x14  
  50  3:59  Baneling  
  48  4:03  Zergling x8  
  48  4:07  Baneling x2  
  51  4:11  Zergling x4  
  52  4:18  Baneling x2  
  52  4:20  Zergling x6  
  52  4:21  Zergling x6  
  52  4:23  Zergling x2  
  50  4:33  Zergling x6  
  50  4:36  Zergling x2  
  48  4:39  Baneling x2  
  48  4:40  Baneling x2  
  48  4:41  Zergling x4  
  50  4:47  Zergling x6  
  53  4:57  Baneling  
  50  5:00  Zergling x2  
  50  5:02  Baneling x2  
  45  5:08  Zergling x2  
  45  5:09  Zergling x12  
  45  5:13  Zergling x4  
  49  5:25  Zergling x4  
  51  5:29  Baneling x2  
  51  5:33  Baneling, Hatchery  
  50  5:41  Baneling  
  49  5:46  Zergling x4  
  49  5:47  Overlord  
  51  5:55  Zergling x4  
  48  6:01  Zergling x2  
  48  6:02  Zergling x6  
  42  6:07  Zergling x6  
  42  6:10  Zergling x2  
  42  6:12  Zergling x4  
  42  6:13  Zergling x2  
  42  6:18  Zergling x2  
  43  6:22  Queen  
  45  6:28  Baneling x2  
  45  6:29  Drone x2  
  47  6:33  Baneling  
  47  6:34  Drone x2  
  47  6:37  Queen  
  51  6:46  Queen  
  53  6:47  Drone  
  53  6:49  Drone  
  53  6:54  Drone x2  
  57  6:57  Drone x2  
  57  7:00  Extractor  
  58  7:05  Baneling x3  
  58  7:06  Baneling x3  
  57  7:16  Drone x6  
  57  7:21  Drone x2  
  65  7:24  Zergling x2  
  65  7:26  Extractor  
  65  7:31  Overlord, Roach Warren  
  65  7:35  Overlord  
  63  7:39  Overlord  
  61  7:44  Overlord  
  61  7:48  Drone x3  
  61  7:49  Zergling x4  
  65  7:52  Drone  
  65  7:54  Evolution Chamber  
  65  7:57  Baneling  
  65  7:59  Zergling x6  
  65  8:04  Drone x4  
  70  8:13  Overlord  
  70  8:19  Overlord  
  69  8:20  Roach x3  
  75  8:27  Lair  
  75  8:31  Drone x2  
  75  8:32  Extractor  
  76  8:35  Roach  
  76  8:38  Roach  
  80  8:41  Roach  
  80  8:43  Roach  
  80  8:46  Roach  
  84  8:48  Roach  
  84  8:50  Roach  
  84  8:53  Roach  
  88  9:01  Drone  
  88  9:02  Drone  
  90  9:04  Roach x3  
  90  9:06  Roach x2  
  99  9:11  Roach x3  
  99  9:14  Baneling  
  99  9:15  Baneling x4  
  104  9:30  Roach  
  104  9:31  Roach x4  
  105  9:33  Overlord, Zergling x4  
  97  9:41  Roach x3  
  97  9:42  Roach x2  
  97  9:43  Overlord  
  103  9:46  Roach  
  103  9:48  Roach  
  103  9:49  Roach  
  103  9:50  Roach  
  101  9:55  Zergling x8  
  109  10:11  Ravager  
Show
View Real Time Build Order
Export as new Build Order

soO Zerg 

Build Orders: Hatch First, Zergling Baneling 

Get SALT Encoding   

  12  0:00  Drone  
  13  0:12  Overlord  
  13  0:16  Drone  
  14  0:30  Drone x2  
  16  0:47  Hatchery  
  15  0:50  Drone  
  15  0:54  Drone  
  17  0:57  Drone  
  18  1:08  Extractor  
  17  1:13  Spawning Pool  
  17  1:16  Drone  
  17  1:20  Drone  
  18  1:28  Drone  
  19  1:39  Drone  
  20  1:49  Overlord  
  20  1:59  Drone  
  20  2:00  Drone, Queen x2  
  26  2:08  Metabolic Boost  
  26  2:10  Drone  
  26  2:11  Drone  
  28  2:21  Drone x2  
  30  2:34  Drone  
  30  2:35  Hatchery  
  30  2:36  Zergling x2  
  31  2:43  Queen  
  33  2:47  Drone  
  34  2:52  Baneling Nest  
  34  2:54  Overlord  
  33  2:58  Zergling x2  
  33  3:00  Drone  
  35  3:09  Drone  
  36  3:14  Zergling x10  
  36  3:19  Overlord  
  41  3:28  Drone x2  
  41  3:31  Overlord  
  41  3:33  Drone  
  44  3:36  Baneling  
  44  3:37  Baneling x3  
  44  3:44  Queen  
  44  3:48  Zergling x4  
  48  3:50  Zergling x4  
  48  3:52  Zergling x2  
  49  3:59  Zergling x4  
  50  4:03  Drone  
  50  4:07  Zergling x4  
  50  4:09  Baneling x2  
  50  4:11  Zergling x4  
  50  4:15  Zergling x6  
  50  4:16  Zergling x4  
  57  4:23  Zergling x2  
  57  4:24  Zergling x4  
  43  4:31  Drone x2  
  43  4:32  Drone  
  44  4:39  Baneling x2  
  44  4:42  Drone x2  
  44  4:44  Drone  
  47  4:48  Baneling x2  
  47  4:49  Drone  
  47  4:51  Drone  
  47  5:02  Zergling x4  
  47  5:03  Zergling x2  
  49  5:11  Zergling x2  
  49  5:14  Zergling x4  
  44  5:18  Drone x2  
  39  5:30  Baneling  
  39  5:31  Drone  
  40  5:36  Baneling x2  
  40  5:37  Drone  
  40  5:40  Drone  
  42  5:44  Drone  
  42  5:45  Baneling  
  43  5:55  Zergling x4  
  43  5:56  Zergling x2  
  40  5:59  Zergling x2  
  40  6:00  Zergling x2  
  40  6:03  Zergling x2  
  42  6:08  Zergling x4  
  42  6:11  Zergling x2  
  41  6:14  Zergling x2  
  39  6:18  Baneling  
  39  6:19  Baneling  
  39  6:21  Zergling x2  
  39  6:26  Baneling  
  39  6:31  Drone x3  
  39  6:32  Drone  
  43  6:34  Drone  
  44  6:41  Zergling x2  
  44  6:43  Zergling x4  
  47  6:47  Drone  
  47  6:49  Drone x2  
  47  6:51  Baneling x2  
  50  6:55  Drone  
  50  6:56  Drone  
  50  6:59  Drone  
  50  7:00  Drone  
  54  7:03  Drone  
  54  7:05  Drone  
  55  7:15  Drone x2  
  55  7:16  Drone, Baneling x2  
  55  7:17  Drone x2  
  55  7:18  Drone  
  55  7:20  Extractor  
  55  7:21  Drone, Extractor  
  60  7:24  Drone x2  
  60  7:26  Drone  
  63  7:34  Overlord  
  63  7:41  Roach Warren  
  57  7:46  Drone  
  57  7:47  Drone  
  58  7:56  Overlord  
  58  8:04  Overlord  
  57  8:13  Overlord  
  56  8:21  Roach x2  
  56  8:22  Roach x7  
  73  8:30  Roach x2  
  77  8:35  Roach x3  
  77  8:36  Roach x2  
  87  8:44  Roach  
  87  8:45  Roach, Zergling x2  
  91  8:54  Overlord  
  91  8:56  Overlord  
  91  9:02  Baneling x9  
  91  9:03  Zergling x2  
  91  9:09  Overlord  
  92  9:12  Baneling  
  92  9:13  Baneling  
  92  9:14  Zergling x12  
  98  9:19  Ravager  
  98  9:20  Ravager  
  97  9:25  Roach  
  97  9:29  Roach  
  92  9:33  Roach x2  
  92  9:34  Roach  
  92  9:36  Zergling x2  
  96  9:40  Roach, Zergling x2  
  96  9:42  Roach, Zergling x2  
  89  9:47  Roach  
  89  9:51  Roach  
Tags
 
Add a new tag
Caveats
  • Supply blocks, unpowered buildings, or Contaminate may cause inaccurate times.
  • Supply counts are checked every 10 seconds.